 Dungeon Crawl Stone Soup version 0.30.1-4-g462c640d31 (webtiles) character file.

Game seed: 2262016103809392812

935 Kranky the Magician (level 7, 0/64 HPs)
             Began as a Purple Draconian Wanderer on Aug 31, 2023.
             Was an Initiate of Gozag.
             Slain by Blork the orc
             ... wielding a +3 heavy scimitar
              (17 damage)
             ... on level 4 of the Dungeon.
             The game lasted 00:14:12 (5365 turns).

Kranky the Magician (Purple Draconian Wanderer)     Turns: 5365, Time: 00:14:12

Health: 0/64       AC:  6    Str: 12    XL:     7   Next: 87%
Magic:  13/17      EV: 10    Int: 13    God:    Gozag
Gold:   75         SH:  0    Dex: 14    Spells: 18/19 levels left

rFire   . . .        u - +4 mace
rCold   + . .        (no shield)
rNeg    . . .        (body armour unavailable)
rPois   .            (helmet restricted)
rElec   .            (no cloak)
rCorr   .            (no gloves)
SInv    +            (no boots)
Will    +....        (no amulet)
Stlth   ++           d - ring of see invisible
HPRegen 0.30/turn    g - ring of protection from cold
MPRegen 0.15/turn

%: no passive effects
@: gold aura, very slightly contaminated, constricted
A: breathe power, AC +6, unfitting armour, cold-blooded
a: Breathe Dispelling Energy, Renounce Religion, Potion Petition, Call Merchant,
Bribe Branch


You were on level 4 of the Dungeon.
You worshipped Gozag.
Gozag was noncommittal.
You visited 2 branches of the dungeon, and saw 5 of its levels.
You also visited: Sewer.

You collected 125 gold pieces.
You paid 50 gold pieces to Gozag.

Inventory:

Hand Weapons
 a - a +0 dagger
 k - a +1 spear of flaming
 s - a +2 short sword of holy wrath
 u - a +4 mace (weapon)
Missiles
 p - 27 poisoned darts (quivered)
 t - a curare-tipped dart
Jewellery
 d - a ring of see invisible (left hand)
 g - a ring of protection from cold (right hand)
 w - a ring of positive energy
Scrolls
 b - 3 scrolls of blinking
 c - 2 scrolls of fog
 e - 2 scrolls of butterflies {unknown}
 f - 2 scrolls of poison {unknown}
 i - 3 scrolls of teleportation {unknown}
 m - 3 scrolls of fear {unknown}
 o - 2 scrolls of identify {unknown}
Potions
 h - 3 potions of curing {unknown}
 j - a potion of lignification {unknown}
 l - a potion of brilliance {unknown}
 n - a potion of flight {unknown}
 q - 3 potions of might {unknown}
 r - 2 potions of haste {unknown}
 v - 2 potions of ambrosia {unknown}


   Skills:
 + Level 6.5 Fighting
 + Level 4.3 Dodging
 - Level 1.9 Stealth
 + Level 6.7 Spellcasting
 - Level 2.0 Summonings


You had 18 spell levels left.
You knew the following spells:

 Your Spells              Type           Power      Damage    Failure   Level
a - Sting                 Tmut/Pois      16%        1d3       16%         1

Your spell library contained the following spells:

 Spells                   Type           Power      Damage    Failure   Level
 Summon Small Mammal      Summ           36%        N/A       7%          1
 Foxfire                  Conj/Fire      16%        2x1d4     16%         1
 Call Canine Familiar     Summ           9%         N/A       21%         3
 Confusing Touch          Hex            4%         N/A       43%         3
 Ignite Poison            Fire/Tmut/Pois 4%         N/A       43%         3
 Spider Form              Tmut/Pois      4%         N/A       43%         3
 Sticky Flame             Conj/Fire      4%         2d3       83%         4
 Ignition                 Fire           2%         3d3       100%        8


Dungeon Overview and Level Annotations

Branches:
Dungeon (4/15)             Temple (1/1) D:4           Sewer (visited)

Altars:
Cheibriados
Elyvilon
Gozag
Hepliaklqana
Kikubaaqudgha
Okawaru
Qazlal
Ru
Vehumet
Yredelemnul
Zin
The Shining One

Shops:
D:1 :[*[[

Annotations:
D:4 Blork the orc


Innate Abilities, Weirdness & Mutations

You can breathe bolts of dispelling energy.
Your rich purple scales are hard. (AC +6)
You cannot fit into any form of body armour.
You are cold-blooded and may be slowed by cold attacks.


Message History

* * * LOW HITPOINT WARNING * * *
The goblin hits you but does no damage.
You are too injured to fight recklessly!
Casting: Sting (safe; 16% risk of failure)
Confirm with . or Enter, or press ? or * to list all spells.
Aiming: Sting (safe; 16% risk of failure)
Press: ? - help, Shift-Dir - straight line, f - goblin
Aim: a goblin, wielding a +0 dagger (55% to hit)
The sting hits the goblin.
The goblin is poisoned.
The goblin is heavily wounded.
Blork the orc completely misses you. The goblin closely misses you.
Unknown command.
Casting: Sting (safe; 16% risk of failure)
Confirm with . or Enter, or press ? or * to list all spells.
Aiming: Sting (safe; 16% risk of failure)
Press: ? - help, Shift-Dir - straight line, f/p - goblin
Aim: a goblin, wielding a +0 dagger (heavily wounded, poisoned, 55% to hit)
The sting hits the goblin.
The goblin looks even sicker.
You kill the goblin!
Blork the orc misses you.
Unknown command.
Casting: Sting (safe; 16% risk of failure)
Confirm with . or Enter, or press ? or * to list all spells.
Aiming: Sting (safe; 16% risk of failure)
Press: ? - help, Shift-Dir - straight line, f - ball python
Aim: a ball python (60% to hit)
You miscast Sting.
You are very lightly contaminated with residual magic.
Nothing appears to happen.
The ball python barely misses you. The ball python grabs you.
The ball python constricts you.
Casting: Sting (safe; 16% risk of failure)
Confirm with . or Enter, or press ? or * to list all spells.
Aiming: Sting (safe; 16% risk of failure)
Press: ? - help, Shift-Dir - straight line, f/p - ball python
Aim: a ball python (constricting you, 60% to hit)
You miscast Sting.
Nothing appears to happen.
The ball python barely misses you. The ball python constricts you.
Blork the orc hits you with a +3 heavy scimitar!
You die...
Your body crumbles into a pile of gold.

##############
##########............#
.........#............#
.........#............#
$
.........#............#
.........'..[......(..#
.........#............+
.........#............#
....###'##......@.....#
#####......#####oS......
...........# #........
...........# #........
...........# #........
...........# #.....>..
.....#####.. .........
..... ... ......... ....


You could see Blork the orc and a ball python.

Vanquished Creatures
  A black bear (D:4)
  6 kobold brigands (Sewer)
  2 hounds (D:4)
  2 orc priests
  A jelly (D:4)
  3 orc wizards
  Robin (D:1)
  3 gnolls
  2 river rats (Sewer)
  4 adders
  5 worms
  7 orcs
  9 ball pythons
  5 bats
  6 endoplasms
  5 giant cockroaches
  10 hobgoblins
  2 jackals (D:1)
  7 kobolds
  5 quokkas
  2 frilled lizards
  12 goblins
  13 rats
113 creatures vanquished.

Notes
Turn   | Place    | Note
-------+----------+-------------------------------------------
     0 | D:1      | Kranky the Draconian Wanderer began the quest for the Orb.
     0 | D:1      | Kranky set off with the following items: a +0 dagger, a
                  | scroll of blinking, a scroll of fog; and the following
                  | spells available to memorise: Summon Small Mammal, Foxfire,
                  | Sting, Call Canine Familiar, Confusing Touch, Spider Form.
     0 | D:1      | Reached XP level 1. HP: 19/19 MP: 4/4
     2 | D:1      | Learned a level 1 spell: Sting
   105 | D:1      | Found Awadug's Armour Boutique.
   225 | D:1      | Reached XP level 2. HP: 14/26 MP: 6/6
   440 | D:1      | Found Jyb Ommi's Antique Armour Boutique.
   472 | D:1      | Found Tucwukuf's Assorted Antiques.
   587 | D:1      | Found Pifray's Antique Armour Shoppe.
   632 | D:1      | Found Layvit's Book Shoppe.
  1294 | D:2      | Reached skill level 1 in Dodging
  1294 | D:2      | Reached XP level 3. HP: 33/33 MP: 3/7
  1369 | D:2      | Noticed Robin
  1705 | D:1      | Killed Robin
  1975 | D:2      | Reached XP level 4. HP: 40/40 MP: 9/9
  2325 | D:3      | Found a glowing silver altar of Zin.
  2334 | D:3      | Found a glowing drain.
  2378 | Sewer    | Entered a sewer
  2482 | Sewer    | Noticed a kobold brigand
  2500 | Sewer    | Killed a kobold brigand
  2501 | Sewer    | Reached XP level 5. HP: 42/47 MP: 6/10
  3090 | Sewer    | Reached skill level 5 in Fighting
  3090 | Sewer    | Reached XP level 6. HP: 42/56 MP: 8/12
  3590 | Sewer    | Your scales start taking on a rich purple colour.
  3590 | Sewer    | Reached skill level 5 in Spellcasting
  3590 | Sewer    | Reached XP level 7. HP: 47/62 MP: 12/15
  4204 | D:3      | HP: 1/62 [orc priest/divine providence (16)]
  4603 | D:3      | Found a faded altar of an unknown god.
  4652 | D:3      | Found a basalt altar of Yredelemnul.
  4858 | D:4      | Noticed Blork the orc
  5124 | D:4      | Found a staircase to the Ecumenical Temple.
  5238 | Temple   | Entered the Ecumenical Temple
  5299 | Temple   | Became a worshipper of Gozag Ym Sagoz the Greedy
  5365 | D:4      | Slain by Blork the orc

Illustrated notes

Levels and vault maps discovered:
D:1:      spicycebolla_arrival_clurvy, layout_loops_ring,
          serial_co_window_serial, co_window_of_opportunity_a,
          co_window_paths_a, co_window_corner_a, co_window_paths_b,
          co_window_paths_b, co_window_corner_b, co_window_paths_c,
          co_window_corner_ca, co_window_broadway_b, co_window_unsneaky_path_a,
          co_window_2corner, glass_columns_a, glass_columns_a, serial_shops,
          shop, nicolae_shop_hallway_plus, shop,
          nicolae_shop_just_a_little_nook, shop
D:2:      layout_loops_ring, minmay_misc_feat_diagonals, uniq_robin
D:3:      layout_rooms, mainiacjoe_overflow_paths, yredelemnul_altar_generic,
          dilly_ecumenical_altar_fadedgnrine, portal_sewer_entry_f,
          nrook_mini_backslash
D:4:      layout_gridville, lemuel_blue_sif_altar,
          minmay_temple_entry_butterflies, uniq_blork_the_orc
Temple:   eino_wide_crystal_templ

Skill      XL: |  1  2  3  4  5  6  7 |
---------------+----------------------+-----
Dodging        | 1 2 3 4 |  4.3
Fighting       | 4 5 6 |  6.5
Spellcasting   | 4 5 6 |  6.7
Stealth        | |  1.9
Summonings     | |  2.0

Action                     |  1- 3 |  4- 6 |  7- 9 || total
---------------------------+-------+-------+-------++-------
  Melee: Dagger            |   147 |       |       ||   147
         Tailslap          |    22 |    11 |    11 ||    44
         Punch             |     3 |     2 |     2 ||     7
         Spear             |    30 |   154 |    24 ||   208
         Mace              |       |       |    69 ||    69
   Cast: Sting             |     9 |    27 |    36 ||    72
   Stab: Sleeping          |     6 |     2 |     2 ||    10
         Distracted        |       |       |     1 ||     1
 Armour: Skin              |    54 |    40 |    25 ||   119
  Dodge: Dodged            |   105 |    62 |   100 ||   267
